MLB
CHICAGO WHITE SOX @ MINNESOTA TWINS
06/05/2018
 
TOP OF THE 1ST
Chicago White Sox batting - Pitching for Minnesota Twins : LHP Clayton Richard
Pitching: LHP Clayton Richard
Batting: LHB Charlie Blackmon 0-0: Ground out 4-3 (Groundball, 4)
Batting: LHB Michael Brantley 0-0: Swinging Strike
0-1: Ball
1-1: Ball
2-1: Foul Ball, location: 2F
2-2: Strikes out looking
Batting: RHB J.D. Martinez 0-0: Ball
1-0: SOLO HOME RUN (Line Drive, 78XD), Distance : 424 ft
Batting: LHB Daniel Murphy 0-0: Ground out 4-3 (Groundball, 34D)
Top of the 1st over - 1 run, 1 hit, 0 errors, 0 left on base; Chicago 1 - Minnesota 0
BOTTOM OF THE 1ST
Minnesota Twins batting - Pitching for Chicago White Sox : RHP Garrett Richards
Pitching: RHP Garrett Richards
Batting: RHB Ian Kinsler 0-0: Fly out, F8 (Line Drive, 8LM)
Batting: RHB Whit Merrifield 0-0: Ball
1-0: Bunt for hit to 13S - play at first, batter OUT! 1-3
Batting: LHB Freddie Freeman 0-0: Foul Ball, location: 2F
0-1: Swinging Strike
0-2: Strikes out swinging
Bottom of the 1st over - 0 runs, 0 hits, 0 errors, 0 left on base; Chicago 1 - Minnesota 0
TOP OF THE 2ND
Chicago White Sox batting - Pitching for Minnesota Twins : LHP Clayton Richard
Batting: LHB Andrew Toles 0-0: Ball
1-0: Foul Ball, location: 2F
1-1: Fly out, F9 (Flyball, 9D)
Batting: LHB Brandon Belt 0-0: Ball
1-0: Foul Ball, location: 2F
1-1: SINGLE (Groundball, 4MD)
Batting: RHB Jonathan Lucroy 0-0: Ball
1-0: Foul Ball, location: 2F
1-1: SINGLE (Line Drive, 89S)
Brandon Belt to second
Brandon Belt to third
Batting: LHB Corey Seager 0-0: Ball
1-0: Grounds into double play, 5-4-3 (Groundball, 5)
Top of the 2nd over - 0 runs, 2 hits, 0 errors, 1 left on base; Chicago 1 - Minnesota 0
BOTTOM OF THE 2ND
Minnesota Twins batting - Pitching for Chicago White Sox : RHP Garrett Richards
Batting: SHB Kendrys Morales 0-0: DOUBLE (Flyball, 8LXD)
Batting: RHB Avisail Garcia 0-0: Ball
1-0: Foul Ball, location: 2F
1-1: Foul Ball, location: 2F
1-2: Ground out 5-3 (Groundball, 56)
Batting: RHB Adam Jones 0-0: Called Strike
0-1: Ball
1-1: Swinging Strike
1-2: Ball
2-2: Foul Ball, location: 2F
2-2: Foul Ball, location: 2F
2-2: Ball
3-2: Foul Ball, location: 2F
3-2: Ground out 6-3 (Groundball, 6)
Batting: RHB Maikel Franco 0-0: Ball
1-0: Called Strike
1-1: Ball
2-1: Foul Ball, location: 2F
2-2: Ball
3-2: SINGLE (Groundball, 6D)
Kendrys Morales to third
Kendrys Morales scores
Batting: RHB Roberto Perez 0-0: Ball
1-0: Foul Ball, location: 2F
1-1: Ball
2-1: Foul Ball, location: 2F
2-2: Foul Ball, location: 2F
2-2: Fly out, F4 (Popup, 4S)
Bottom of the 2nd over - 1 run, 2 hits, 0 errors, 1 left on base; Chicago 1 - Minnesota 1
TOP OF THE 3RD
Chicago White Sox batting - Pitching for Minnesota Twins : LHP Clayton Richard
Batting: LHB Marco Hernandez 0-0: Ball
1-0: Foul Ball, location: 2F
1-1: Foul Ball, location: 2F
1-2: Foul Ball, location: 2F
1-2: Ball
2-2: Ball
3-2: Base on Balls
Batting: LHB Charlie Blackmon 0-0: Ball
1-0: Swinging Strike
1-1: Ball
2-1: Ball
3-1: Foul Ball, location: 2F
3-2: SINGLE (Groundball, 4D)
Marco Hernandez to second
Runner from 2nd tries for 3rd, SAFE, no throw by RF
Batting: LHB Michael Brantley 0-0: Ball
1-0: Grounds into double play, 4-6-3 (Groundball, 34)
Marco Hernandez scores
Batting: RHB J.D. Martinez 0-0: Ball
1-0: Foul Ball, location: 2F
1-1: Swinging Strike
1-2: Foul Ball, location: 2F
1-2: Strikes out looking
Top of the 3rd over - 1 run, 1 hit, 0 errors, 0 left on base; Chicago 2 - Minnesota 1
BOTTOM OF THE 3RD
Minnesota Twins batting - Pitching for Chicago White Sox : RHP Garrett Richards
Batting: RHB Miguel Rojas 0-0: Ball
1-0: Ball
2-0: Called Strike
2-1: Called Strike
2-2: Ball
3-2: Ground out 6-3 (Groundball, 6)
Batting: RHB Ian Kinsler 0-0: SOLO HOME RUN (Line Drive, 7LD), Distance : 360 ft
Batting: RHB Whit Merrifield 0-0: Foul Ball, location: 2F
0-1: Ball
1-1: Fly out, F9 (Flyball, 9LM)
Batting: LHB Freddie Freeman 0-0: Ball
1-0: Ball
2-0: Ball
3-0: Base on Balls
Batting: SHB Kendrys Morales 0-0: Ball
1-0: Ball
2-0: Called Strike
2-1: Ball
3-1: Ground out 3-1 (Groundball, 34S)
Bottom of the 3rd over - 1 run, 1 hit, 0 errors, 1 left on base; Chicago 2 - Minnesota 2
TOP OF THE 4TH
Chicago White Sox batting - Pitching for Minnesota Twins : LHP Clayton Richard
Batting: LHB Daniel Murphy 0-0: Ball
1-0: SINGLE (Groundball, 4MD)
Batting: LHB Andrew Toles 0-0: Called Strike
0-1: 2-RUN HOME RUN (Flyball, 7D), Distance : 357 ft
Batting: LHB Brandon Belt 0-0: Ball
1-0: Ball
2-0: Swinging Strike
2-1: Foul Ball, location: 2F
2-2: Foul Ball, location: 2F
2-2: Strikes out looking
Batting: RHB Jonathan Lucroy 0-0: Ball
1-0: Ball
2-0: Swinging Strike
2-1: Ground out 5-3 (Groundball, 56S)
Batting: LHB Corey Seager 0-0: Called Strike
0-1: Swinging Strike
0-2: Ball
1-2: SINGLE (Groundball, 4D)
Batting: LHB Marco Hernandez 0-0: Called Strike
0-1: Ball
1-1: DOUBLE (Flyball, 78XD)
Corey Seager to third
Runner from 3rd tries for Home, SAFE, throw by CF to home
Batting: LHB Charlie Blackmon 0-0: Called Strike
0-1: Foul Ball, location: 2F
0-2: SINGLE (Groundball, 34D)
Marco Hernandez to third
Runner from 3rd tries for Home, SAFE, no throw by RF
Batting: LHB Michael Brantley 0-0: Ball
1-0: Swinging Strike
1-1: Ground out 6-3 (Groundball, 6MS)
Top of the 4th over - 4 runs, 5 hits, 0 errors, 1 left on base; Chicago 6 - Minnesota 2
BOTTOM OF THE 4TH
Minnesota Twins batting - Pitching for Chicago White Sox : RHP Garrett Richards
Batting: RHB Avisail Garcia 0-0: Ball
1-0: Foul Ball, location: 2F
1-1: Ball
2-1: SINGLE (Line Drive, 78S)
Batting: RHB Adam Jones 0-0: Fly out, F8 (Flyball, 78D)
Batting: RHB Maikel Franco 0-0: Ball
1-0: Ball
Avisail Garcia steals 2nd base
2-0: Foul Ball, location: 2F
2-1: Ball
3-1: Base on Balls
Batting: RHB Roberto Perez 0-0: Ball
1-0: Ball
2-0: Ball
3-0: Called Strike
3-1: Called Strike
3-2: Foul Ball, location: 2F
3-2: Foul Ball, location: 2F
3-2: Fly out, F8 (Flyball, 8LD)
Batting: RHB Miguel Rojas 0-0: Swinging Strike
0-1: Reached on error, E6 (Groundball, 6)
Avisail Garcia to third
Maikel Franco to second
Batting: RHB Ian Kinsler 0-0: Swinging Strike
0-1: Foul Ball, location: 2F
0-2: Ball
1-2: Foul Ball, location: 2F
1-2: Ball
2-2: Fielders Choice at 2nd, 6-4 (Groundball, 56D)
Bottom of the 4th over - 0 runs, 1 hit, 1 error, 3 left on base; Chicago 6 - Minnesota 2
TOP OF THE 5TH
Chicago White Sox batting - Pitching for Minnesota Twins : LHP Clayton Richard
Batting: RHB J.D. Martinez 0-0: SINGLE (Groundball, 6MD)
Batting: LHB Daniel Murphy 0-0: Called Strike
0-1: Ground out 4-3 (Groundball, 34D)
J.D. Martinez to second
Batting: LHB Andrew Toles 0-0: Called Strike
0-1: Hit by Pitch
Pinch Runner at 1st Cheslor Cuthbert:
Batting: LHB Brandon Belt 0-0: Ball
1-0: Ball
2-0: Ball
3-0: Called Strike
3-1: Swinging Strike
3-2: Foul Ball, location: 2F
3-2: Strikes out looking
Batting: RHB Jonathan Lucroy 0-0: Ball
1-0: Called Strike
1-1: Fly out, F7 (Line Drive, 7)
Top of the 5th over - 0 runs, 1 hit, 0 errors, 2 left on base; Chicago 6 - Minnesota 2
BOTTOM OF THE 5TH
Minnesota Twins batting - Pitching for Chicago White Sox : RHP Garrett Richards
Now in RF: Cheslor Cuthbert
Batting: RHB Whit Merrifield 0-0: DOUBLE (Flyball, 89D)
Batting: LHB Freddie Freeman 0-0: Ball
1-0: Ball
2-0: SINGLE (Line Drive, 3D)
Whit Merrifield to third
Runner from 3rd tries for Home, SAFE, throw by RF to home
Batting: SHB Kendrys Morales 0-0: Ball
1-0: Ball
2-0: Ball
3-0: Called Strike
3-1: Fly out, F7 (Flyball, 7LSF)
Batting: RHB Avisail Garcia 0-0: Foul Ball, location: 2F
0-1: Ball
1-1: Fielders Choice at 2nd, 1-6 (Groundball, P)
Batting: RHB Adam Jones 0-0: Ball
1-0: Called Strike
1-1: Swinging Strike
1-2: Strikes out swinging
Bottom of the 5th over - 1 run, 2 hits, 0 errors, 1 left on base; Chicago 6 - Minnesota 3
TOP OF THE 6TH
Chicago White Sox batting - Pitching for Minnesota Twins : LHP Clayton Richard
Pitching: LHP Bobby Poyner
Batting: LHB Corey Seager 0-0: Foul Ball, location: 2F
0-1: Swinging Strike
0-2: Ground out U3 (Groundball, 3)
Batting: LHB Marco Hernandez 0-0: Fly out, F8 (Line Drive, 8RM)
Batting: LHB Charlie Blackmon 0-0: Swinging Strike
0-1: Swinging Strike
0-2: Ground out 6-3 (Groundball, 4M)
Top of the 6th over - 0 runs, 0 hits, 0 errors, 0 left on base; Chicago 6 - Minnesota 3
BOTTOM OF THE 6TH
Minnesota Twins batting - Pitching for Chicago White Sox : RHP Garrett Richards
Pitching: RHP Jacob Rhame
Batting: RHB Maikel Franco 0-0: Ball
1-0: Swinging Strike
1-1: Called Strike
1-2: Strikes out swinging, 2-3 out at first.
Batting: RHB Roberto Perez 0-0: Ball
1-0: Ball
2-0: Ball
3-0: Base on Balls
Batting: RHB Miguel Rojas 0-0: Ball
1-0: Ball
2-0: Called Strike
2-1: Ball
3-1: Base on Balls
Roberto Perez to second
Batting: RHB Ian Kinsler 0-0: Called Strike
0-1: Foul Ball, location: 2F
0-2: Ball
1-2: Hit by Pitch
Roberto Perez to third
Miguel Rojas to second
Pitching: LHP Brian Clark
Batting: RHB Whit Merrifield 0-0: Ball
Wild Pitch!
Roberto Perez scores
Miguel Rojas to third
Ian Kinsler to second
1-0: Called Strike
1-1: Ground out 5-3 (Groundball, 5S)
Batting: LHB Freddie Freeman 0-0: Ball
1-0: Ball
2-0: Ball
3-0: Called Strike
3-1: Base on Balls
Batting: SHB Kendrys Morales 0-0: Called Strike
0-1: Fielders Choice at 2nd, 6-4 (Groundball, 56)
Bottom of the 6th over - 1 run, 0 hits, 0 errors, 3 left on base; Chicago 6 - Minnesota 4
TOP OF THE 7TH
Chicago White Sox batting - Pitching for Minnesota Twins : LHP Bobby Poyner
Batting: LHB Michael Brantley 0-0: Ball
1-0: Foul Ball, location: 2F
1-1: Fly out, F4 (Popup, 4S)
Batting: RHB J.D. Martinez 0-0: Ball
1-0: Foul Ball, location: 2F
1-1: Swinging Strike
1-2: Ball
2-2: SOLO HOME RUN (Flyball, 78XD), Distance : 390 ft
Batting: LHB Daniel Murphy 0-0: Called Strike
0-1: Ball
1-1: Ball
2-1: SINGLE (Line Drive, 7S)
Batting: RHB Cheslor Cuthbert 0-0: Foul Ball, location: 2F
0-1: Swinging Strike
0-2: Ball
1-2: Foul Ball, location: 2F
1-2: Strikes out looking
Batting: LHB Brandon Belt 0-0: Ground out 4-3 (Groundball, 34D)
Top of the 7th over - 1 run, 2 hits, 0 errors, 1 left on base; Chicago 7 - Minnesota 4
BOTTOM OF THE 7TH
Minnesota Twins batting - Pitching for Chicago White Sox : LHP Brian Clark
Batting: RHB Avisail Garcia 0-0: Ball
1-0: Ball
2-0: Ball
3-0: Called Strike
3-1: Called Strike
3-2: SINGLE (Groundball, 6MD)
Batting: RHB Adam Jones 0-0: Ball
1-0: Ball
2-0: Called Strike
2-1: Called Strike
2-2: Foul Ball, location: 2F
2-2: Foul Ball, location: 2F
2-2: Fly out, F8 (Line Drive, 8LM)
Batting: RHB Maikel Franco 0-0: Ball
1-0: SINGLE (Flyball, 78M)
Avisail Garcia to second
Pitching: LHP Jose Alvarado
Batting: RHB Roberto Perez 0-0: Ball
1-0: Foul Ball, location: 2F
1-1: Ball
2-1: Ball
3-1: Foul Ball, location: 2F
3-2: Foul Ball, location: 2F
3-2: Foul Ball, location: 2F
3-2: Fly out, F4 (Popup, 4MD)
Batting: RHB Miguel Rojas 0-0: Ball
1-0: Fielders Choice at 2nd, 5-4 (Groundball, 56)
Bottom of the 7th over - 0 runs, 2 hits, 0 errors, 2 left on base; Chicago 7 - Minnesota 4
TOP OF THE 8TH
Chicago White Sox batting - Pitching for Minnesota Twins : LHP Bobby Poyner
Pitching: RHP David Robertson
Batting: RHB Jonathan Lucroy 0-0: Called Strike
0-1: Ball
1-1: Ball
2-1: Ball
3-1: Ground out 4-3 (Groundball, 4M)
Batting: LHB Corey Seager 0-0: Foul Ball, location: 2F
0-1: Ball
1-1: Called Strike
1-2: DOUBLE (Line Drive, 89XD)
Batting: LHB Marco Hernandez 0-0: Ball
1-0: Ground out 5-3 (Groundball, 56S)
Corey Seager to third
Batting: LHB Charlie Blackmon 0-0: Intentional Walk
Batting: LHB Michael Brantley 0-0: Ball
1-0: Ball
2-0: SINGLE (Groundball, 5S) (infield hit)
Corey Seager scores
Charlie Blackmon to second
Pinch Runner at 1st Brandon Phillips:
Batting: RHB J.D. Martinez 0-0: Ball
1-0: Ball
2-0: Ball
3-0: Base on Balls
Charlie Blackmon to third
Brandon Phillips to second
Batting: LHB Daniel Murphy 0-0: Foul Ball, location: 2F
0-1: Ball
1-1: Ball
2-1: Swinging Strike
2-2: DOUBLE (Flyball, 8RXD)
Charlie Blackmon scores
Brandon Phillips scores
J.D. Martinez to third
Runner from 3rd tries for Home, SAFE, no throw by CF
Pitching: RHP Juan Nicasio
Batting: RHB Cheslor Cuthbert 0-0: Ball
1-0: Ground out 6-3 (Groundball, 6M)
Top of the 8th over - 4 runs, 3 hits, 0 errors, 1 left on base; Chicago 11 - Minnesota 4
BOTTOM OF THE 8TH
Minnesota Twins batting - Pitching for Chicago White Sox : LHP Jose Alvarado
Now in LF: Brandon Phillips
Pinch Hitting: LHB Eric Sogard 0-0: Ball
1-0: Ball
2-0: Foul Ball, location: 2F
2-1: Fly out, F7 (Flyball, 7S)
Batting: RHB Whit Merrifield 0-0: Ball
1-0: Ground out 5-3 (Groundball, 56S)
Batting: LHB Freddie Freeman 0-0: Called Strike
0-1: Ball
1-1: Swinging Strike
1-2: Ball
2-2: Strikes out looking
Bottom of the 8th over - 0 runs, 0 hits, 0 errors, 0 left on base; Chicago 11 - Minnesota 4
TOP OF THE 9TH
Chicago White Sox batting - Pitching for Minnesota Twins : RHP Juan Nicasio
Now at 2B: Eric Sogard
Pinch Hitting: RHB Geovany Soto 0-0: Called Strike
0-1: Called Strike
0-2: Ball
1-2: Foul Ball, location: 2F
1-2: Ball
2-2: Ball
3-2: Foul Ball, location: 2F
3-2: Base on Balls
Batting: RHB Jonathan Lucroy 0-0: Called Strike
0-1: Swinging Strike
0-2: Grounds into double play, 4-6-3 (Groundball, 4)
Batting: LHB Corey Seager 0-0: Ball
1-0: Ball
2-0: Swinging Strike
2-1: SOLO HOME RUN (Flyball, 7D), Distance : 356 ft
Batting: LHB Marco Hernandez 0-0: Foul Ball, location: 2F
0-1: Called Strike
0-2: Ball
1-2: Strikes out swinging
Top of the 9th over - 1 run, 1 hit, 0 errors, 0 left on base; Chicago 12 - Minnesota 4
BOTTOM OF THE 9TH
Minnesota Twins batting - Pitching for Chicago White Sox : LHP Jose Alvarado
Now at 1B: Geovany Soto
Batting: SHB Kendrys Morales 0-0: Called Strike
0-1: SINGLE (Flyball, 34D)
Batting: RHB Avisail Garcia 0-0: Ball
1-0: Foul Ball, location: 2F
1-1: Grounds into double play, 6-4-3 (Groundball, 6)
Batting: RHB Adam Jones 0-0: Ball
1-0: Swinging Strike
1-1: Called Strike
1-2: Ball
2-2: Foul Ball, location: 2F
2-2: Strikes out swinging
Bottom of the 9th over - 0 runs, 1 hit, 0 errors, 0 left on base; Chicago 12 - Minnesota 4
Thursday, August 9th, 2018 - OOTP Baseball 19.7 Build 59